Map: Odyssey LE

Players

Neeb - Winner!

  • Race: Protoss Protoss
  • Spawn Location: 11:00

Serral

  • Race: Zerg Zerg
  • Spawn Location: 5:00

Event: WCS Jonkoping 2017

VOD

Have the link to the VOD?

Description

Time

  • Played on: June 19, 2017, 3:15 p.m.
  • Length: 16:20

All games in this series

Show
View Real Time Build Order
Export as new Build Order

Neeb Protoss - Winner!

Build Orders: Nexus First, Oracle Opening, Zealot Archon 

Get SALT Encoding   

  12  0:00  Probe (Chrono Boost)  
  13  0:11  Probe (Chrono Boost)  
  14  0:18  Pylon  
  14  0:22  Probe (Chrono Boost)  
  15  0:36  Probe (Chrono Boost)  
  16  0:47  Probe (Chrono Boost)  
  17  0:59  Nexus  
  17  1:03  Probe (Chrono Boost)  
  18  1:13  Gateway  
  18  1:17  Probe (Chrono Boost)  
  19  1:22  Assimilator  
  19  1:27  Probe (Chrono Boost)  
  19  1:30  Assimilator  
  20  1:38  Probe (Chrono Boost)  
  21  1:43  Pylon  
  21  1:48  Probe (Chrono Boost)  
  22  1:59  Probe (Chrono Boost)  
  23  2:02  Cybernetics Core  
  23  2:09  Probe (Chrono Boost)  
  23  2:11  Probe (Chrono Boost)  
  25  2:20  Probe (Chrono Boost)  
  25  2:22  Probe (Chrono Boost)  
  27  2:30  Probe (Chrono Boost)  
  27  2:32  Probe (Chrono Boost)  
  27  2:37  Adept (Chrono Boost)  
  29  2:39  Stargate  
  29  2:41  Warp Gate (Chrono Boost)  
  29  2:42  Probe (Chrono Boost)  
  29  2:43  Probe (Chrono Boost)  
  33  2:49  Pylon  
  33  2:53  Probe (Chrono Boost)  
  33  2:54  Probe (Chrono Boost)  
  35  3:04  Probe (Chrono Boost)  
  37  3:06  Probe (Chrono Boost)  
  36  3:14  Probe (Chrono Boost)  
  36  3:16  Adept  
  36  3:17  Oracle (Chrono Boost)  
  36  3:18  Probe (Chrono Boost)  
  43  3:27  Gateway  
  43  3:28  Probe (Chrono Boost)  
  43  3:29  Gateway  
  43  3:33  Probe (Chrono Boost)  
  45  3:35  Assimilator  
  45  3:39  Probe (Chrono Boost)  
  46  3:43  Adept  
  46  3:44  Probe (Chrono Boost)  
  49  3:48  Oracle  
  49  3:49  Probe (Chrono Boost)  
  49  3:50  Pylon  
  53  3:55  Probe  
  53  3:59  Pylon  
  53  4:02  Twilight Council  
  54  4:08  Probe x2  
  56  4:20  Probe, Pylon  
  56  4:23  Probe  
  58  4:25  Resonating Glaives (Chrono Boost)  
  58  4:26  Nexus  
  58  4:29  Phoenix (Chrono Boost)  
  60  4:32  Probe  
  60  4:36  Probe  
  62  4:43  Adept x2  
  62  4:45  Adept  
  68  4:50  Mothership Core  
  68  4:52  Pylon  
  70  4:53  Probe  
  71  5:04  Pylon  
  71  5:05  Probe  
  71  5:06  Adept x2  
  76  5:08  Adept  
  76  5:11  Probe  
  79  5:17  Probe  
  80  5:23  Probe  
  80  5:24  Assimilator  
  80  5:27  Robotics Facility  
  80  5:28  Adept x2  
  85  5:29  Probe, Adept  
  89  5:35  Probe  
  89  5:37  Probe, Robotics Facility  
  90  5:43  Probe  
  90  5:47  Probe  
  90  5:48  Zealot, Probe  
  95  5:55  Probe  
  96  5:58  Probe  
  96  5:59  Probe  
  98  6:08  Probe  
  99  6:13  Probe  
  99  6:15  Probe  
  95  6:18  Charge  
  95  6:20  Probe  
  95  6:24  Sentry  
  95  6:25  Sentry x2, Probe, Immortal x2 (Chrono Boost)  
  104  6:27  Probe, Assimilator  
  104  6:32  Assimilator  
  96  6:44  Gateway  
  94  6:47  Gateway  
  94  6:49  Gateway  
  94  6:51  Gateway  
  94  6:53  Gateway  
  88  6:55  Gateway  
  88  6:56  Gateway  
  88  7:00  Immortal x2 (Chrono Boost)  
  96  7:04  Zealot x3  
  102  7:10  Templar Archives, Pylon  
  102  7:11  Pylon  
  102  7:13  Pylon x2  
  102  7:15  Pylon  
  102  7:17  Pylon  
  102  7:26  Adept x3  
  108  7:30  Pylon  
  108  7:34  Warp Prism (Chrono Boost), Observer (Chrono Boost)  
  111  7:45  Nexus  
  111  7:46  Pylon  
  111  7:51  High Templar x4  
  117  7:52  Zealot x3  
  117  7:53  Zealot  
  117  7:55  Archon  
  117  7:56  Archon  
  123  8:18  High Templar x2  
  123  8:19  Zealot x4  
  131  8:23  Archon  
  131  8:24  Zealot x4  
  139  8:29  Pylon  
  139  8:44  Zealot x7  
  139  8:45  Zealot  
  115  8:56  Zealot x2  
  115  8:59  Immortal (Chrono Boost)  
  117  9:05  Zealot  
  117  9:06  Zealot x7  
Show
View Real Time Build Order
Export as new Build Order

Serral Zerg 

Build Orders: Hatch First 

Get SALT Encoding   

  12  0:01  Drone  
  13  0:13  Overlord  
  13  0:17  Drone  
  14  0:31  Drone x2  
  14  0:35  Drone  
  17  0:51  Hatchery  
  17  0:55  Drone  
  17  0:58  Drone  
  18  1:08  Extractor  
  17  1:12  Spawning Pool  
  17  1:15  Drone  
  17  1:19  Drone  
  18  1:28  Drone  
  19  1:39  Overlord  
  19  1:53  Drone  
  19  1:59  Queen  
  19  2:01  Zergling x2  
  22  2:03  Queen, Zergling x2  
  22  2:08  Metabolic Boost  
  25  2:12  Drone  
  26  2:16  Drone  
  27  2:23  Drone  
  27  2:25  Drone  
  29  2:33  Drone  
  30  2:42  Hatchery  
  29  2:45  Drone  
  30  2:58  Drone, Overlord  
  30  3:02  Drone  
  30  3:03  Drone  
  32  3:07  Queen  
  32  3:11  Drone  
  35  3:17  Overlord  
  35  3:18  Drone x3  
  38  3:21  Drone  
  38  3:23  Drone  
  38  3:25  Drone  
  40  3:28  Drone  
  40  3:30  Drone  
  42  3:40  Drone x2  
  44  3:42  Spore Crawler  
  44  3:44  Spore Crawler, Queen  
  44  3:48  Overlord  
  44  3:50  Drone  
  44  3:53  Evolution Chamber  
  44  3:57  Queen  
  44  4:02  Zergling x4  
  48  4:07  Zergling x6  
  48  4:08  Drone x2  
  53  4:14  Overlord  
  53  4:17  Drone  
  54  4:20  Spore Crawler  
  54  4:22  Spore Crawler  
  54  4:23  Zerg Melee Weapons Level 1  
  52  4:27  Drone x3  
  56  4:31  Drone x3  
  56  4:37  Overlord, Baneling Nest  
  58  4:39  Extractor  
  58  4:43  Drone  
  58  4:44  Drone x3  
  61  4:49  Drone  
  61  4:50  Zergling x6  
  61  4:51  Drone  
  66  4:56  Zergling x4  
  66  4:57  Zergling x2  
  69  5:00  Drone  
  69  5:04  Lair  
  70  5:13  Zergling x4  
  72  5:14  Drone x2  
  72  5:16  Overlord x2  
  72  5:20  Drone  
  72  5:21  Overlord x2  
  74  5:35  Overlord  
  74  5:36  Hatchery, Drone x4  
  74  5:39  Drone x2  
  74  5:41  Drone x2  
  81  5:46  Zergling x6  
  84  5:50  Extractor  
  84  5:52  Baneling x3  
  84  5:53  Baneling x3  
  82  5:57  Zergling x8  
  82  5:58  Zergling x4  
  86  6:07  Baneling  
  86  6:08  Baneling x3  
  83  6:15  Zergling x2  
  83  6:16  Zergling x18  
  87  6:19  Queen x3  
  85  6:26  Drone x3  
  83  6:34  Drone x2  
  83  6:35  Drone x2  
  83  6:36  Drone  
  83  6:46  Drone  
  81  6:47  Drone x2  
  81  6:48  Queen  
  81  6:50  Drone x2  
  81  6:51  Drone x2  
  81  6:53  Extractor  
  88  6:54  Zerg Melee Weapons Level 2  
  88  6:56  Hydralisk Den  
  88  7:01  Drone x5  
  92  7:07  Drone x5  
  97  7:11  Extractor x2  
  97  7:13  Drone  
  97  7:14  Drone  
  97  7:20  Centrifical Hooks  
  97  7:21  Zergling x6  
  100  7:26  Muscular Augments  
  100  7:29  Hydralisk x4  
  106  7:34  Drone x2  
  106  7:36  Overlord  
  110  7:37  Spore Crawler  
  110  7:39  Hydralisk  
  110  7:41  Overlord x3  
  110  7:43  Pneumatized Carapace  
  110  7:44  Overlord x4  
  111  7:54  Overlord  
  101  8:10  Hydralisk x8  
  101  8:11  Zergling x2  
  101  8:12  Zergling x12  
  120  8:17  Drone x2  
  120  8:18  Drone x3  
  124  8:24  Zergling x6  
  127  8:30  Baneling  
  127  8:31  Baneling x13  
  127  8:34  Hydralisk  
  127  8:35  Zergling x6  
  127  8:37  Queen x2  
  127  8:38  Zergling x2  
  120  8:48  Zergling x2  
  120  8:49  Zergling x14  
  120  8:52  Zergling x12  
  120  8:53  Zergling x2  
  116  8:55  Zergling x4  
  116  8:59  Hydralisk  
  116  9:01  Hydralisk  
Tags
 
Add a new tag
Caveats
  • Supply blocks, unpowered buildings, or Contaminate may cause inaccurate times.
  • Supply counts are checked every 10 seconds.